 Dungeon Crawl Stone Soup version 0.29.1-1-gd02db6906a (webtiles) character file.

Game seed: 4750782490206401060

368 Sanktem7 the Trooper (level 6, -2/57 HPs)
             Began as a Minotaur Fighter on Oct 2, 2022.
             Slain by a kobold brigand
             ... wielding a +4 dagger
              (4 damage)
             ... in a sewer.
             The game lasted 00:05:44 (3924 turns).

Sanktem7 the Trooper (Minotaur Fighter)             Turns: 3924, Time: 00:05:44

Health: -2/57      AC: 12    Str: 23    XL:     6   Next: 41%
Magic:  5/5        EV:  6    Int:  5    God:
Gold:   233        SH:  4    Dex:  9    Spells: 5/5 levels left

rFire   . . .      SeeInvis +   a - +0 war axe {axe}
rCold   . . .      Faith    .   c - +0 buckler
rNeg    . . .      Spirit   .   i - +0 plate armour
rPois   .          Reflect  .   (helmet restricted)
rElec   .          Harm     .   (no cloak)
rCorr   .          Rampage  .   (no gloves)
Will    .....                   (no boots)
Stlth   ..........              (no amulet)
HPRegen 0.19/turn               n - ring of see invisible
MPRegen 0.09/turn               (no ring)

@: very slow
A: horns 2, retaliatory headbutt
a: no special abilities


You were in a sewer.
You visited 1 branch of the dungeon, and saw 4 of its levels.
You also visited: Sewer.

You collected 233 gold pieces.


Innate Abilities, Weirdness & Mutations

You have a pair of horns on your head.
You reflexively headbutt those who attack you in melee.


   Skills:
 * Level 6.1 Fighting
 * Level 5.6 Axes
 - Level 5.0 Armour
 - Level 3.6 Shields


You had 5 spell levels left.
You didn't know any spells.
Your spell library contained the following spells:

 Spells                   Type           Power      Damage    Failure   Level
 Petrify                  Tmut/Erth      0%         N/A       100%        4
 Metabolic Englaciation   Hex/Ice        0%         N/A       100%        5
 Statue Form              Tmut/Erth      0%         N/A       100%        6

Inventory:

Hand Weapons
 a - a +0 war axe (weapon) {axe}
 A - a +1 hand axe of venom {axe}
   (You took it off an orc on level 4 of the Dungeon)
Missiles
 e - 40 stones (quivered) {throwing}
 t - 12 poisoned darts {throwing}
 v - 3 boomerangs {throwing}
Armour
 c - a +0 buckler (worn)
 i - a +0 plate armour (worn)
   (You found it on level 1 of the Dungeon)
 z - a +0 pair of gloves
   (You found it on level 4 of the Dungeon)
Jewellery
 n - a ring of see invisible (left hand)
   (You found it on level 2 of the Dungeon)
 w - a +4 ring of protection
   (You found it on level 3 of the Dungeon)
Wands
 s - a wand of digging (5)
   (You found it on level 3 of the Dungeon)
 x - a wand of polymorph (1)
   (You found it on level 3 of the Dungeon)
Scrolls
 g - 2 scrolls of identify {unknown}
 j - 3 scrolls of noise {unknown}
 k - 2 scrolls of enchant armour {unknown}
 q - a scroll of poison {unknown}
 r - 2 scrolls of summoning {unknown}
 u - a scroll of butterflies {unknown}
 y - a scroll of torment {unknown}
 B - a scroll of enchant weapon {unknown}
Potions
 b - a potion of heal wounds {unknown}
 d - 2 potions of might
 f - a potion of flight {unknown}
 h - 5 potions of curing {unknown}
 l - 2 potions of haste {unknown}
 m - a potion of magic {unknown}
 o - a potion of ambrosia {unknown}
 p - a potion of cancellation {unknown}

Dungeon Overview and Level Annotations

Branches:
Dungeon (4/15) Zot: 20275  Temple (0/1) D:4           Sewer (1/1) Zot: 5691

Altars:
Cheibriados
Gozag
Nemelex Xobeh
Uskayaw
Zin

..##~.~. ..~~~~.
~~~.~~# .~~~~~#
~~~.~~# ~.~.~~#
..~.~.## #######
..~.~..## #####.K~~.#
.~##~~~.####.~~~@#
.####.~.~.~.~###~~~~.#
~## #..~~~.~~# #######
~.####...~~~~#
.~~.########.~~~~
..~.~# #####~~ #.~~.#
##~~~# #~~.#


You could see a kobold brigand.


Message History

You enter the shallow water.
Moving in this stuff is going to be slow.
A kobold brigand and a worm come into view.
The kobold brigand is wielding a +4 dagger and quivering poisoned darts.
The kobold brigand shouts! 😎 HP[+15]
Your hp is fully restored (57).
The kobold brigand splashes around in the water.
Your unstable footing causes you to fumble your attack.
The kobold brigand hits you with a +4 dagger. 😕 HP[-4]
You take 4 damage, and now have 53/57 hp.
You hit the kobold brigand. You hit the worm.
The kobold brigand hits you with a +4 dagger.
The worm bites you! 😕 HP[-10]
You take 10 damage, and now have 43/57 hp.
Your unstable footing causes you to fumble your attack.
The kobold brigand hits you with a +4 dagger. x2 😮 HP[-6]
You take 6 damage, and now have 37/57 hp.
You are too injured to fight recklessly!
You are too injured to fight recklessly!
You are too injured to fight recklessly!
You are too injured to fight recklessly!
You are too injured to fight recklessly!
You are too injured to fight recklessly!
You are too injured to fight recklessly!
You are too injured to fight recklessly!
You are too injured to fight recklessly!
You are too injured to fight recklessly!
You are too injured to fight recklessly!
You are too injured to fight recklessly!
You are too injured to fight recklessly!
You are too injured to fight recklessly!
You are too injured to fight recklessly!
You are too injured to fight recklessly!
You are too injured to fight recklessly!
You are too injured to fight recklessly!
You barely miss the kobold brigand. You hit the worm.
You block the worm's attack.
The kobold brigand hits you with a +4 dagger. 😮 HP[-3]
You take 3 damage, and now have 34/57 hp.
Your unstable footing causes you to fumble your attack.
The kobold brigand hits you but does no damage.
The worm bites you!
* * * LOW HITPOINT WARNING * * *
😨 HP[-8]
You take 8 damage, and now have 26/57 hp.
You closely miss the kobold brigand.
Your headbutt misses the kobold brigand.
You hit the worm.
The kobold brigand hits you with a +4 dagger.
* * * LOW HITPOINT WARNING * * *
The kobold brigand hits you but does no damage.
The worm bites you.
* * * LOW HITPOINT WARNING * * *
😨 HP[-3]
You take 3 damage, and now have 23/57 hp.
Your unstable footing causes you to fumble your attack.
The kobold brigand barely misses you. You furiously retaliate!
You headbutt the kobold brigand! You slash the kobold brigand!
You barely miss the worm. The worm barely misses you.
The kobold brigand hits you with a +4 dagger!
* * * LOW HITPOINT WARNING * * *
😱 HP[-10]
You take 10 damage, and now have 13/57 hp.
You hit the kobold brigand but do no damage.
You slash the worm!
The kobold brigand hits you with a +4 dagger.
* * * LOW HITPOINT WARNING * * *
The worm bites you but does no damage. 😱 HP[-3]
You take 3 damage, and now have 10/57 hp.
You hit the kobold brigand.
Your headbutt misses the kobold brigand.
You slash the worm!
You kill the worm!
The kobold brigand hits you with a +4 dagger.
* * * LOW HITPOINT WARNING * * *
The kobold brigand splashes around in the water. 😱 HP[-3]
You take 3 damage, and now have 7/57 hp.
You closely miss the kobold brigand.
Your headbutt misses the kobold brigand.
The kobold brigand splashes around in the water.
You closely miss the kobold brigand. You block the kobold brigand's attack.
You hit the kobold brigand but do no damage.
The kobold brigand hits you with a +4 dagger.
* * * LOW HITPOINT WARNING * * *
😱 HP[-6]
You take 6 damage, and now have 1/57 hp.
You barely miss the kobold brigand.
Your headbutt misses the kobold brigand.
The kobold brigand splashes around in the water. x2
You closely miss the kobold brigand.
The kobold brigand hits you with a +4 dagger.
You die...

Skill      XL: |  1  2  3  4  5  6 |
---------------+-------------------+-----
Fighting       | 4 5 6 |  6.1
Axes           | 3 4 5 |  5.6
Armour         | 4 5 |  5.0
Shields        | |  3.6

Action                   |  1- 3 |  4- 6 || total
-------------------------+-------+-------++-------
Melee: War axe           |    87 |   108 ||   195
       Headbutt          |    11 |    13 ||    24
Armor: Scale mail        |     8 |       ||     8
       Plate armour      |    55 |    48 ||   103
Dodge: Dodged            |    25 |    34 ||    59
Block: Buckler           |    35 |    24 ||    59

Levels and vault maps discovered:
D:1:      lordsloth_arrival_two_stooges, layout_basic
D:2:      layout_loops_corners, basic_altar, feat_on_display
D:3:      cheibrodos_pilgrimage, layout_basic, mainiacjoe_overflow_alcove_4,
          hellmonk_ecumenical_altar_arch_garden
D:4:      layout_basic, nicolae_overflow_hidden_temple, zin_statuary,
          minmay_temple_entry_hall, portal_sewer_entry_f
Sewer:    sewer_co_tree

Notes
Turn   | Place    | Note
-------+----------+-------------------------------------------
     0 | D:1      | Sanktem7 the Minotaur Fighter began the quest for the Orb.
     0 | D:1      | Reached XP level 1. HP: 19/19 MP: 0/0
     0 | D:1      | magus.rc [v1.9.6]
   210 | D:1      | Reached XP level 2. HP: 27/27 MP: 1/1
   226 | D:1      | Reached skill level 4 in Fighting
   239 | D:1      | Reached skill level 3 in Axes
   431 | D:1      | Reached XP level 3. HP: 31/33 MP: 2/2
   491 | D:1      | Reached skill level 4 in Armour
   559 | D:1      | You pick up a book of Sloth and begin reading...
   559 | D:1      | You add the spells Petrify, Metabolic Englaciation and
                  | Statue Form to your library.
  1476 | D:2      | Found a snail-covered altar of Cheibriados.
  1812 | D:3      | Found a faded altar of an unknown god.
  1819 | D:3      | Reached XP level 4. HP: 25/41 MP: 3/3
  1822 | D:3      | Reached skill level 4 in Axes
  2100 | D:3      | Reached skill level 5 in Fighting
  2108 | D:3      | HP: 9/42 [orc priest/+0 flail (5)]
  2110 | D:3      | Reached XP level 5. HP: 11/48 MP: 4/4
  2972 | D:3      | Found a sparkling altar of Nemelex Xobeh.
  3131 | D:4      | Reached skill level 5 in Axes
  3279 | D:4      | Found a staircase to the Ecumenical Temple.
  3332 | D:4      | Reached XP level 6. HP: 52/57 MP: 5/5
  3438 | D:4      | Found an opulent altar of Gozag.
  3440 | D:4      | Found a hide-covered altar of Uskayaw.
  3539 | D:4      | Found a glowing silver altar of Zin.
  3650 | D:4      | Found a glowing drain.
  3664 | Sewer    | Entered a sewer
  3797 | Sewer    | Reached skill level 6 in Fighting
  3797 | Sewer    | Reached skill level 5 in Armour
  3917 | Sewer    | HP: 13/57 [kobold brigand/+4 dagger (10)]
  3922 | Sewer    | HP: 1/57 [kobold brigand/+4 dagger (6)]
  3924 | Sewer    | Slain by a kobold brigand

Vanquished Creatures
  A kobold brigand (Sewer)
  2 orc priests (D:3)
  An iguana (D:4)
  2 orc wizards
  3 gnolls (D:3)
  An adder (D:2)
  A river rat (Sewer)
  3 worms
  5 dart slugs
  8 orcs
  11 bats
  7 endoplasms
  7 giant cockroaches
  4 hobgoblins
  6 kobolds
  5 quokkas
  9 ball pythons
  3 frilled lizards
  6 goblins
  2 rats (D:1)
87 creatures vanquished.

Table legend:
 A = Non-vault XP
 B = Vault XP
 C = Vault XP percentage of total XP
 D = Non-vault monster count
 E = Vault monster count
 F = Vault count percentage of total count
                 A         B        C        D         E       F
            +---------+---------+-------+---------+---------+-------
      Total |     264 |     262 |  49.8 |      72 |      15 |  17.2
            +---------+---------+-------+---------+---------+-------
        D:1 |      61 |       0 |   0.0 |      36 |       0 |   0.0
        D:2 |      25 |       0 |   0.0 |       7 |       0 |   0.0
        D:3 |      70 |     131 |  65.2 |      13 |       7 |  35.0
        D:4 |     108 |      10 |   8.5 |      16 |       5 |  23.8
      Sewer |       0 |     121 | 100.0 |       0 |       3 | 100.0
            +---------+---------+-------+---------+---------+-------

Illustrated notes

Table legend:
 A = Kills in this place as a percentage of kills in entire the game.
 B = Kills by you in this place as a percentage of kills by you in the entire game.
 C = Kills by friends in this place as a percentage of kills by friends in the entire game.
 D = Other kills in this place as a percentage of other kills in the entire game.
 E = Experience gained in this place as a percentage of experience gained in the entire game.
 F = Experience gained in this place divided by the number of levels of this place that you have seen.
                   A       B       C       D       E      F
               +-------+-------+-------+-------+-------+----------------------
         Total | 100.0 | 100.0 |   N/A |   N/A | 100.0 | 105.2
       Dungeon |  96.6 |  96.6 |   N/A |   N/A |  77.0 | 101.2
         Sewer |   3.4 |   3.4 |   N/A |   N/A |  23.0 | 121.0
               +-------+-------+-------+-------+-------+----------------------

Table legend: (Time is in decaauts)
 A = Elapsed time spent in this place.
 B = Non-inter-level travel time spent in this place.
 C = Inter-level travel time spent in this place.
 D = Time resting spent in this place.
 E = Time spent auto-exploring this place.
 F = Levels seen in this place.
 G = Mean time per level.
                   A        B        C        D        E       F      G
               +--------+--------+--------+--------+--------+-----+--------+
         Total |   4031 |   3884 |    147 |     15 |   2946 |   5 |  806.2 |
       Dungeon |   3724 |   3577 |    147 |     15 |   2686 |   4 |  931.0 |
         Sewer |    307 |    307 |      0 |      0 |    260 |   1 |  307.0 |
               +--------+--------+--------+--------+--------+-----+--------+

Top non-repeatable levels by time:
     D:3: 1360 daAuts
     D:1: 934 daAuts
     D:2: 875 daAuts
     D:4: 553 daAuts
   Sewer: 307 daAuts
